 Dungeon Crawl Stone Soup version 0.17-a0-1510-gb3fb22e (webtiles) character file.

52285 urechis the Spry (level 15, 0/99 HPs)
             Began as a Kobold Berserker on July 11, 2015.
             Was the Champion of Trog.
             Shot with a poisoned arrow by Nessos (17 damage)
             ... on level 7 of the Lair of Beasts.
             The game lasted 01:18:02 (21498 turns).

urechis the Spry (Kobold Berserker)                Turns: 21498, Time: 01:18:04

Health: 0/99       AC: 10    Str: 18    XL:     15   Next: 5%
Magic:  24/24      EV: 32    Int:  5    God:    Trog [******]
Gold:   1287       SH:  0    Dex: 22    Spells: 0 memorised, 14 levels left

rFire  + + .     SeeInvis .     a - +2 rapier of Amortisation {pierce, rElec MP+9 Str+2}
rCold  . . .     Clarity  .     I - +2 robe {rF+}
rNeg   . . .     SustAt   .     (shield restricted)
rPois  +         Gourm    .     E - +2 hat
rElec  +         Spirit   .     H - +0 cloak
rCorr  .         Warding  .     o - +0 pair of gloves
rMut   .         Stasis   .     v - +1 pair of boots
MR     +++..                    (no amulet)
Stlth  ++++++++..               h - ring of protection from fire
                                P - ring of poison resistance

@: lethally poisoned (0 -> -8), exhausted, regenerating, slowed, very slow,
extremely resistant to hostile enchantments, extraordinarily stealthy
A: carnivore 3
a: Burn Spellbooks, Berserk, Trog's Hand, Brothers in Arms, Renounce Religion


You were on level 7 of the Lair of Beasts.
You worshipped Trog.
Trog was exalted by your worship.
You were hungry.

You visited 3 branches of the dungeon, and saw 20 of its levels.

You collected 1307 gold pieces.
You spent 20 gold pieces at shops.

Inventory:

Hand weapons
 a - the +2 rapier of Amortisation (weapon) {pierce, rElec MP+9 Str+2}
   (You found it on level 9 of the Dungeon)

   It inflicts extra damage upon your enemies.
   It affects your strength (+2).
   It insulates you from electricity.
   It affects your magic capacity (+9).
Missiles
 y - 3 curare-tipped needles
 C - 5 throwing nets
 D - 13 tomahawks (quivered)
 F - 8 tomahawks of returning
 L - 24 poisoned needles
 T - 6 needles of sleeping
 V - 4 poisoned tomahawks
 W - 3 needles of confusion
 Y - 7 needles of slowing
 Z - 8 exploding tomahawks
Armour
 o - a +0 pair of gloves (worn)
 v - a +1 pair of boots (worn)
 E - a +2 hat (worn)
 H - a +0 cloak (worn)
 I - a +2 robe of fire resistance (worn)
Jewellery
 h - a ring of protection from fire (right hand)
 B - an uncursed ring of sustain attributes
 P - a ring of poison resistance (left hand)
Magical devices
 G - a wand of teleportation (3)
 O - a wand of digging (7)
 X - a wand of disintegration (12)
Scrolls
 d - 3 scrolls of blinking
 f - 3 scrolls of remove curse
 g - 3 scrolls of fear
 l - 4 scrolls of recharging
 q - 3 scrolls of teleportation
 t - 3 scrolls of fog
 x - 4 scrolls of magic mapping
 K - a scroll of random uselessness {unknown}
 M - a scroll of enchant armour {unknown}
 R - a scroll of torment {unknown}
 U - 4 scrolls of enchant weapon
Potions
 e - 2 potions of magic {unknown}
 i - a potion of invisibility {unknown}
 j - 2 potions of degeneration {unknown}
 k - a potion of ambrosia
 m - 2 potions of heal wounds {unknown}
 n - 3 potions of lignification {unknown}
 p - 2 potions of flight {unknown}
 r - 11 potions of curing
 s - 2 potions of cure mutation {unknown}
 u - 2 potions of might {unknown}
 w - 6 potions of haste {unknown}
 z - 6 potions of poison {unknown}
 J - a potion of mutation {unknown}
 N - 2 potions of brilliance {unknown}
 Q - a potion of cancellation {unknown}
 S - 4 potions of agility {unknown}
Books
 b - an Akashic Record

   Spells                             Type                      Level
   a - Dispersal                      Translocation                6
   b - Controlled Blink               Translocation                7
   c - Malign Gateway                 Summoning/Translocation      7
   d - Disjunction                    Translocation                8
   Trog disapproves of the use of such an item.
Comestibles
 c - 9 meat rations
 A - 3 beef jerkies


   Skills:
 + Level 13.5 Fighting
 - Level 14.0 Short Blades
 - Level 8.0 Throwing
 - Level 1.5 Armour
 + Level 16.4 Dodging
 + Level 15.4 Stealth


You had 14 spell levels left.
You didn't know any spells.

Dungeon Overview and Level Annotations

Branches:
Dungeon (12/15)            Temple (1/1) D:6            Lair (7/8) D:10
 Shoals (0/4) Lair:5       Spider (0/4) Lair:6        Slime (0/6) Lair:6
    Orc (0/4) D:10

Altars:
Ashenzari
Cheibriados
Dithmenos
Elyvilon
Fedhas
Gozag
Kikubaaqudgha
Makhleb
Nemelex Xobeh
Okawaru
Qazlal
Ru
Sif Muna
Trog
Vehumet
Xom
Yredelemnul
Zin
The Shining One

Shops:
D:6 ?   D:10 [

Annotations:
Lair:7 Nessos


Innate Abilities, Weirdness & Mutations

You are small and have problems with some larger weapons.
You are carnivorous and can eat meat at any time.


Message History

You are no longer berserk.
You are exhausted.
You feel yourself slow down.
You are feeling hungry.
Throwing (i - inventory. (,) - cycle):
D - 14 tomahawks (quivered)
Press: ? - help, Shift-Dir - straight line, f - Nessos
Aim: Nessos, wearing a shiny centaur barding (severely wounded, fast)
You throw a tomahawk. The tomahawk hits Nessos.
Nessos is almost dead.
You feel sick.
Nessos wields an uncursed longbow of flaming.
It bursts into flame!
Nessos shoots a poisoned arrow.
The poisoned arrow hits you!! The poisoned arrow burns you.
Nessos shoots a poisoned arrow.
The poisoned arrow hits you!
* * * LOW HITPOINT WARNING * * *
The poisoned arrow burns you.
* * * LOW HITPOINT WARNING * * *
You are more poisoned.
Nessos shoots a poisoned arrow.
The poisoned arrow hits you!
You die...

.≈≈.... ##...## .≈≈≈≈..#####
########....# ....;.l♣...#
##.#.P.......# ≈≈≈≈≈≈≈♣..(#
#P..........##
≈.≈.≈.≈♣c.(#####P.....#..##
≈..≈≈l≈≈♣##(.#............##
≈...≈c≈≈♣#(.#..............#
.≈≈≈≈...♣♣..#.............##
≈....≈≈≈♣#..@....##.......#
.≈≈≈.≈..♣♣.#.......###...##
.≈≈..≈...♣...P....####(.P#
.≈.≈.≈..P....####....#...##
. ........PPP...
...##.....#.. PP..c.
....#.>.....P .......#
.........#.## ..:......
..###....### #....#.#


You could see Nessos.

Vanquished Creatures
  Maud (D:11)
  The ghost of Fluffy the Champion of Chaos, a powerful DsGl of Makhleb (Lair:3)
  Erolcha (D:8)
  Fannar (Lair:2)
  Harold (Lair:1)
  10 hydras
  A centaur warrior (D:12)
  A catoblepas (Lair:3)
  An unseen horror (D:12)
  A flayed ghost (D:11)
  Pikel (D:8)
  A hill giant (D:11)
  A griffon (Lair:7)
  2 black mambas
  An ugly thing (D:12)
  3 elephants (Lair:6)
  A siren (Lair:5)
  2 gargoyles (D:12)
  Psyche (D:8)
  12 spiny frogs
  3 komodo dragons
  6 trolls
  2 fire drakes
  9 slime creatures
  3 polar bears
  Prince Ribbit (D:7)
  22 blink frogs
  A boulder beetle (Lair:7)
  A two-headed ogre (D:10)
  3 deep elf magi
  3 basilisks
  6 wraiths
  37 yaks
  2 fire bats (D:11)
  4 vampire mosquitoes (Lair:2)
  A wyvern (D:11)
  A steam dragon (Lair:3)
  The ghost of Eleanoora the Ruffian, an average FoTm of Cheibriados (D:3)
  Menkaure (D:6)
  4 hippogriffs
  An insubstantial wisp (Lair:2)
  16 wolves
  8 water moccasins
  7 porcupines
  Duvessa (D:6)
  An ice beast (D:9)
  3 black bears
  4 sky beasts
  A wasp (Lair:5)
  6 orc warriors
  A swamp drake (Lair:2)
  4 slaves (D:8)
  An eye of draining (D:10)
  9 spiders
  A phantom (D:8)
  6 centaurs
  4 ogres
  11 crocodiles
  A big kobold (D:11)
  Blork the orc (D:5)
  11 giant frogs
  Dowan (D:6)
  2 wyvern skeletons
  4 scorpions
  An electric eel (Lair:6)
  10 killer bees
  10 wights
  4 crimson imps
  2 jellies
  10 orc priests
  4 hounds
  8 iguanas
  13 orc wizards
  4 hell rats (Lair:6)
  8 worker ants
  2 killer bee zombies
  15 sheep
  2 hound zombies (D:7)
  3 worker ant zombies
  A hound skeleton (D:4)
  Robin (D:3)
  11 gnolls
  7 adders
  46 river rats
  A shadow imp (D:9)
  An ooze (D:6)
  An adder zombie (D:3)
  4 adder skeletons
  3 worms
  6 giant geckos
  49 orcs
  2 ball pythons
  A bat skeleton (D:6)
  9 giant cockroaches
  21 goblins
  12 hobgoblins
  12 jackals
  27 bats
  A giant cockroach zombie (D:6)
  A giant newt (D:5)
  20 kobolds
  9 quokkas
  22 rats
624 creatures vanquished.

Vanquished Creatures (others)
  4 bushes (D:10)
  16 fungi
  6 plants
26 creatures vanquished.

Grand Total: 650 creatures vanquished

Notes
Turn   | Place    | Note
--------------------------------------------------------------
     0 | D:1      | urechis the Kobold Berserker began the quest for the Orb.
     0 | D:1      | Reached XP level 1. HP: 14/14 MP: 1/1
    55 | D:1      | Reached skill level 1 in Stealth
   129 | D:1      | Reached XP level 2. HP: 16/19 MP: 2/2
   641 | D:1      | Reached XP level 3. HP: 14/23 MP: 3/3
   643 | D:1      | Acquired Trog's second power
  1158 | D:2      | Reached XP level 4. HP: 21/28 MP: 4/4
  1400 | D:2      | Reached skill level 5 in Stealth
  1825 | D:3      | Noticed a sky beast
  1832 | D:3      | Killed a sky beast
  1832 | D:3      | Reached skill level 7 in Stealth
  1832 | D:3      | Reached XP level 5. HP: 32/32 MP: 5/5
  1885 | D:3      | Reached XP level 6. HP: 37/37 MP: 6/6
  1915 | D:3      | Noticed Robin
  1940 | D:3      | Killed Robin
  1940 | D:3      | HP: 1/37 [hobgoblin/club[Robin] (7)]
  2190 | D:3      | Noticed Eleanoora's ghost (average FoTm)
  2201 | D:3      | Killed Eleanoora's ghost
  2201 | D:3      | Reached skill level 9 in Stealth
  2323 | D:3      | Reached XP level 7. HP: 41/41 MP: 7/7
  2983 | D:4      | Acquired Trog's third power
  3167 | D:4      | Reached skill level 10 in Stealth
  3842 | D:5      | Entered Level 5 of the Dungeon
  3857 | D:5      | Reached skill level 5 in Short Blades
  3972 | D:5      | Reached XP level 8. HP: 40/48 MP: 8/8
  4103 | D:5      | Reached skill level 5 in Fighting
  4125 | D:5      | Noticed Blork the orc
  4135 | D:5      | Killed Blork the orc
  4552 | D:5      | Found a burning altar of Makhleb.
  4698 | D:6      | Noticed Menkaure
  4711 | D:6      | Killed Menkaure
  4881 | D:6      | Reached XP level 9. HP: 36/56 MP: 9/9
  4951 | D:6      | Found Ataryip's Magic Scroll Emporium.
  4995 | D:6      | Found a staircase to the Ecumenical Temple.
  5016 | D:6      | Bought a scroll of identify for 20 gold pieces
  5251 | D:6      | Noticed Dowan
  5253 | D:6      | Noticed Duvessa
  5281 | D:6      | Killed Duvessa
  5281 | D:6      | Reached skill level 5 in Dodging
  5285 | D:6      | Killed Dowan
  6088 | Temple   | Entered the Ecumenical Temple
  6583 | D:7      | Found a radiant altar of Vehumet.
  6919 | D:7      | Reached XP level 10. HP: 39/64 MP: 10/10
  7065 | D:7      | Noticed Prince Ribbit
  7084 | D:7      | Killed Prince Ribbit
  7217 | D:8      | Noticed Pikel
  7270 | D:8      | Reached skill level 10 in Short Blades
  7279 | D:8      | Noticed Psyche
  7286 | D:8      | Killed Psyche
  7363 | D:8      | Killed Pikel
  7472 | D:8      | Noticed Erolcha
  7480 | D:8      | Killed Erolcha
  7480 | D:8      | Reached skill level 11 in Short Blades
  8130 | D:9      | Reached XP level 11. HP: 70/72 MP: 11/11
  8455 | D:9      | Reached skill level 10 in Fighting
  8533 | D:9      | Received a gift from Trog
  8809 | D:9      | Got a fine rapier
  8815 | D:9      | Identified the cursed +2 rapier of Amortisation {pierce, rElec MP+9 Str+2} (You found it on level 9 of the Dungeon)
  9142 | D:9      | Reached skill level 12 in Short Blades
  9296 | D:9      | Found a glowing silver altar of Zin.
  9441 | D:10     | Entered Level 10 of the Dungeon
  9533 | D:10     | Reached skill level 10 in Dodging
  9580 | D:10     | Found a staircase to the Orcish Mines.
  9580 | D:10     | Found Xoukutor's Armour Shop.
  9603 | D:10     | Found a staircase to the Lair.
 10677 | D:11     | Noticed a hill giant
 10686 | D:11     | Killed a hill giant
 10693 | D:11     | Reached skill level 13 in Short Blades
 10924 | D:11     | Found a basalt altar of Yredelemnul.
 10945 | D:11     | Found a runed door.
 11046 | D:11     | Noticed Maud
 11050 | D:11     | Found a bloodstained altar of Trog.
 11081 | D:11     | Killed Maud
 11089 | D:11     | Reached XP level 12. HP: 61/77 MP: 12/12
 11114 | D:11     | Found an iron altar of Okawaru.
 11146 | D:11     | Found a snail-covered altar of Cheibriados.
 11176 | D:11     | Found a white marble altar of Elyvilon.
 11226 | D:11     | Found a bloodstained altar of Trog.
 11258 | D:11     | Reached skill level 14 in Short Blades
 11335 | D:11     | Noticed a flayed ghost
 11347 | D:11     | Killed a flayed ghost
 11354 | D:11     | Got a shadowed robe
 11365 | D:11     | Identified the cursed +0 robe "Yse Beneast" {+Fly rElec} (You found it on level 11 of the Dungeon)
 11669 | D:12     | Noticed a centaur warrior
 11676 | D:12     | Killed a centaur warrior
 11678 | D:12     | Reached skill level 5 in Throwing
 12516 | D:11     | Received a gift from Trog
 12589 | Lair:1   | Entered Level 1 of the Lair of Beasts
 12623 | Lair:1   | Noticed an eight-headed hydra
 12630 | Lair:1   | Killed an eight-headed hydra
 12630 | Lair:1   | Reached XP level 13. HP: 82/82 MP: 13/13
 13015 | Lair:1   | Noticed a four-headed hydra
 13023 | Lair:1   | Killed a four-headed hydra
 13025 | Lair:1   | Noticed Harold
 13033 | Lair:1   | Killed Harold
 13526 | Lair:1   | Noticed a five-headed hydra
 13537 | Lair:1   | Killed a five-headed hydra
 13667 | Lair:1   | Received a gift from Trog
 14148 | Lair:2   | Received a gift from Trog
 14746 | Lair:2   | Noticed Fannar
 14751 | Lair:2   | Killed Fannar
 14806 | Lair:2   | Received a gift from Trog
 15476 | Lair:3   | Reached skill level 15 in Dodging
 15509 | Lair:3   | Reached XP level 14. HP: 90/92 MP: 14/14
 15722 | Lair:3   | Noticed Fluffy's ghost (powerful DsGl)
 15798 | Lair:3   | Killed Fluffy's ghost
 17243 | Lair:4   | Received a gift from Trog
 17814 | Lair:5   | You fall through a shaft!
 18676 | Lair:5   | Received a gift from Trog
 18684 | Lair:5   | Found a staircase to the Shoals.
 19176 | Lair:6   | Received a gift from Trog
 19267 | Lair:6   | Reached skill level 16 in Dodging
 19430 | Lair:6   | Found a staircase to the Slime Pits.
 19765 | Lair:6   | Received a gift from Trog
 19905 | Lair:6   | Reached skill level 15 in Stealth
 20255 | Lair:6   | Found a hole to the Spider Nest.
 20330 | Lair:6   | Received a gift from Trog
 21057 | Lair:7   | Reached XP level 15. HP: 43/99 MP: 15/15
 21474 | Lair:7   | Noticed Nessos
 21498 | Lair:7   | Shot with a poisoned arrow by Nessos

Vault maps used:
D:1:      lemuel_arrival_rhombus, minmay_misc_feat_five,
          minmay_misc_feat_columns
D:3:      uniq_robin
D:4:      first_bread, minmay_distorted
D:5:      hangedman_abyss_or_decor_jellyfish_corner, minmay_crystal_room,
          makhleb_blood_cavern_becter, uniq_blork_the_orc
D:6:      minmay_temple_entry_grid, serial_shops, shop,
          kennysheep_generic_room_11, uniq_duvessa, uniq_menkaure
D:7:      basic_altar, uniq_prince_ribbit1
D:8:      uniq_erolcha, uniq_psyche, uniq_pikel
D:9:      zin_statuary
D:10:     minmay_klotski, orc_david_3
D:11:     due_megacathedral, uniq_maud
Temple:   kilobyte_greek_temple_18
Lair:1:   uniq_harold
Lair:2:   pond, grunt_megastairs_3, uniq_fannar
Lair:4:   lemuel_fruit_tree
Lair:5:   elwin_shoals_entry_rooms
Lair:6:   nicolae_spider_entry_tight_spaces, minmay_slime_entry_pillars,
          lab_entry_generic, beast_lair_carwin_4, serial_bayou_shore_a
Lair:7:   lookout_lair_type, nicolae_quartered_pool_super, serial_bayou_lake_a,
          uniq_nessos

Action                   |  1- 3 |  4- 6 |  7- 9 | 10-12 | 13-15 || total
-------------------------+-------+-------+-------+-------+-------++-------
Melee: Short sword       |   100 |    30 |   372 |   275 |       ||   777
       Dagger            |       |    75 |    55 |       |       ||   130
       Rapier            |       |       |       |   504 |  1340 ||  1844
Throw: Tomahawk          |       |       |       |       |    16 ||    16
Invok: Berserk           |     3 |     2 |     5 |    13 |     5 ||    28
       Trog's Hand       |       |     1 |     4 |     4 |     4 ||    13
       Burn Spellbooks   |       |       |       |     4 |     2 ||     6
  Use: Potion            |       |     2 |       |       |       ||     2
       Scroll            |       |       |       |     6 |    10 ||    16
 Stab: Sleeping          |     6 |    15 |    35 |    38 |    53 ||   147
       Distracted        |       |       |     4 |     4 |     4 ||    12
  Eat: Chunk             |     9 |     7 |    18 |    35 |    28 ||    97
